AoeStats
← dyandthespirits

MegaRandom

503757838Analyzed
1v1 RM · 1mo ago on Sep 2, 2026· 47m 34s· 2 players
Game mode
Random Map
Map size
Tiny (2 player)
Population
200
Speed
Normal
Resources
Standard
Victory
Conquest
Starting age
Dark Age
Ending age
Imperial Age
RankedLock teamsTeams togetherTeam positionsShared explorationLock speedFull tech treeHidden civsTurbo modeCheats
Victory
Defeat
🇦🇷 Italians · Argentina
306
+7
🇬🇹 Sicilians · Guatemala
85
-7
JoseTan7238
2:30 Loom
14:13 Feudal Age
14:39 Horse Collar
14:48 Double-Bit Axe
24:45 Bloodlines
23:58 Man-at-Arms
24:25 Arson
28:04 Stone Mining
28:07 Gold Mining
32:29 Castle Age
30:44 Forging
30:35 Scale Mail Armor
30:41 Scale Barding Armor
30:27 Fletching
30:38 Padded Archer Armor
34:52 Husbandry
38:09 Pikeman
48:15 Imperial Age
48:25 First Crusade
dyandthespirits
2:43 Loom
11:50 Feudal Age
13:04 Double-Bit Axe
14:38 Horse Collar
18:19 Man-at-Arms
20:36 Fishing Lines
27:58 Castle Age
29:36 Wheelbarrow
29:40 Wheelbarrow
28:50 Town Watch
28:33 Long Swordsman
31:29 Bow Saw
32:56 Husbandry
33:04 Thumb Ring
33:41 Heavy Plow
37:04 Imperial Age
34:52 Crossbowman
34:54 Elite Skirmisher
37:28 Fletching
37:40 Padded Archer Armor
37:41 Scale Mail Armor
37:52 Forging
38:18 Conscription
38:24 Hand Cart
38:09 Town Patrol
41:01 Stone Mining
41:01 Gold Mining
42:24 Chemistry
41:06 Treadmill Crane
41:23 Murder Holes
42:36 Ballistics
42:24 Elite Genoese Crossbowman
45:27 Bodkin Arrow
46:10 Iron Casting
45:50 Chain Mail Armor
45:51 Leather Archer Armor
45:41 Scale Barding Armor
48:02 Hoardings
Connection lost

Rejoining the realm…

Still unreachable

The connection could not be restored.

Session expired

The server has moved on; the page needs a fresh start.